[ AOE2 MATCH · #476566429 ]
Team RMCelts vs Chinese
[ REPLAY ANALYSIS · EXTRACTED FROM THE RECORDED GAME ]
Feudal
11:26
Castle
37:28
Imperial
—
| APM avg | 19.3 |
| APM peak | 52 |
| eAPM avg | 9.1 |
| Villagers / military | 65 / 123 |
Focus
⚔️ 44.1% · 🌾 55.9%
Spearman ×88 · Militia ×35 · Trade Cart ×9
Feudal
10:30
Castle
24:10
Imperial
46:39
| APM avg | 39.4 |
| APM peak | 83 |
| eAPM avg | 19.6 |
| Villagers / military | 92 / 196 |
Focus
⚔️ 39.9% · 🌾 60.1%
Genoese Crossbowman ×97 · Knight ×27 · Spearman ×26 · Cavalry Archer ×14 · Militia ×10 · Archer ×7
Feudal
13:46
Castle
38:31
Imperial
—
| APM avg | 13.3 |
| APM peak | 35 |
| eAPM avg | 8.4 |
| Villagers / military | 43 / 87 |
Focus
⚔️ 39.3% · 🌾 60.7%
Archer ×51 · Militia ×17 · Spearman ×13 · Camel Scout ×6 · Trade Cart ×3
Feudal
—
Castle
—
Imperial
—
| APM avg | 16.7 |
| APM peak | 49 |
| eAPM avg | 9.0 |
| Villagers / military | 113 / 37 |
Focus
⚔️ 31.7% · 🌾 68.3%
Spearman ×17 · Knight ×14 · Unknown (882) ×14 · Battering Ram ×3 · Scout Cavalry ×3
Feudal
9:50
Castle
29:05
Imperial
49:41
| APM avg | 31.9 |
| APM peak | 63 |
| eAPM avg | 11.9 |
| Villagers / military | 70 / 91 |
Focus
⚔️ 32.5% · 🌾 67.5%
Knight ×72 · Scout Cavalry ×17 · Trade Cart ×4 · Militia ×1 · Trebuchet (Packed) ×1
Feudal
12:23
Castle
25:58
Imperial
42:03
| APM avg | 33.1 |
| APM peak | 95 |
| eAPM avg | 14.3 |
| Villagers / military | 94 / 149 |
Focus
⚔️ 38.6% · 🌾 61.4%
Spearman ×72 · Archer ×50 · Unknown (882) ×24 · Knight ×11 · Scout Cavalry ×9 · Trebuchet (Packed) ×5
Match map
Initial resources + every placement click. Lines = walls · curves = elevation contours. ◆ gold · ⬟ stone · ● berries · ✦ relic · ◌ wall gap
Your base· Open — 12t gap
daivy2000volt's base· Open — 10t gap
lituz's base· Open — 6t gap
dmilan8's base· Open — 9t gap
victoruizgar's base· Open — unwalled flank
Sirmordor15's base· Open — 9t gap
Smoothed initial terrain · ◌ = detected wall gap · hover for details
Inputs per minute
— aagonbla - - daivy2000volt
Build order — aagonbla
First 150 of 302 actions detected
| 0:15 | Build | Town Center |
| 1:33 | Create | Villager (Male) |
| 1:33 | Create | Villager (Male) |
| 1:33 | Create | Villager (Male) |
| 1:33 | Create | Villager (Male) |
| 1:33 | Create | Villager (Male) |
| 2:35 | Create | Villager (Male) |
| 2:36 | Create | Villager (Male) |
| 2:36 | Create | Villager (Male) |
| 3:00 | Build | Mill |
| 3:03 | Create | Villager (Male) |
| 3:03 | Create | Villager (Male) |
| 3:35 | Research | Loom |
| 4:25 | Build | Lumber Camp |
| 4:46 | Create | Villager (Male) |
| 4:47 | Create | Villager (Male) |
| 4:47 | Create | Villager (Male) |
| 5:45 | Create | Villager (Male) |
| 5:45 | Create | Villager (Male) |
| 5:45 | Create | Villager (Male) |
| 6:08 | Build | House |
| 6:20 | Create | Villager (Male) |
| 6:21 | Create | Villager (Male) |
| 6:21 | Create | Villager (Male) |
| 7:24 | Create | Villager (Male) |
| 7:24 | Create | Villager (Male) |
| 8:02 | Build | Barracks |
| 8:16 | Create | Villager (Male) |
| 8:21 | Build | Mining Camp |
| 8:49 | Build | House |
| 9:16 | Research | Feudal Age |
| 9:35 | Build | Farm |
| 9:45 | Build | Farm |
| 10:09 | Create | Militia |
| 10:09 | Create | Militia |
| 10:09 | Create | Militia |
| 10:31 | Build | Farm |
| 10:53 | Create | Villager (Male) |
| 10:54 | Create | Villager (Male) |
| 10:54 | Create | Villager (Male) |
| 10:59 | Create | Villager (Male) |
| 11:26 | Age | Feudal Age |
| 11:46 | Build | Mining Camp |
| 12:06 | Research | Man-at-Arms (upgrade) |
| 12:11 | Research | Wheelbarrow |
| 12:12 | Research | Town Watch |
| 12:23 | Create | Spearman |
| 12:23 | Create | Spearman |
| 12:29 | Build | Farm |
| 12:51 | Build | Lumber Camp |
| 12:58 | Build | House |
| 13:20 | Create | Spearman |
| 13:29 | Create | Villager (Male) |
| 13:29 | Create | Villager (Male) |
| 13:30 | Create | Villager (Male) |
| 13:55 | Create | Villager (Male) |
| 13:55 | Create | Villager (Male) |
| 14:02 | Build | Farm |
| 14:06 | Build | Farm |
| 14:26 | Build | Farm |
| 16:56 | Build | House |
| 17:07 | Build | House |
| 18:44 | Build | Mining Camp |
| 20:58 | Create | Militia |
| 20:59 | Create | Militia |
| 20:59 | Create | Militia |
| 20:59 | Create | Militia |
| 20:59 | Create | Militia |
| 21:00 | Create | Spearman |
| 21:00 | Create | Spearman |
| 21:00 | Create | Spearman |
| 21:00 | Create | Spearman |
| 21:15 | Create | Villager (Male) |
| 21:15 | Create | Villager (Male) |
| 21:15 | Create | Villager (Male) |
| 21:16 | Create | Villager (Male) |
| 21:16 | Create | Villager (Male) |
| 21:16 | Create | Villager (Male) |
| 21:21 | Research | Horse Collar |
| 21:24 | Research | Double-Bit Axe |
| 21:49 | Build | Farm |
| 22:25 | Build | Farm |
| 22:28 | Create | Villager (Male) |
| 22:28 | Create | Villager (Male) |
| 22:28 | Create | Villager (Male) |
| 22:38 | Build | House |
| 22:51 | Build | House |
| 22:53 | Build | House |
| 22:54 | Build | House |
| 22:57 | Build | House |
| 24:27 | Build | Blacksmith |
| 24:31 | Build | Market |
| 24:40 | Build | Lumber Camp |
| 24:59 | Create | Spearman |
| 24:59 | Create | Spearman |
| 25:00 | Create | Spearman |
| 25:00 | Create | Spearman |
| 25:02 | Create | Militia |
| 25:02 | Create | Militia |
| 25:02 | Create | Militia |
| 25:02 | Create | Militia |
| 25:03 | Create | Militia |
| 25:51 | Build | Palisade Wall |
| 25:59 | Build | Palisade Wall |
| 26:04 | Build | Palisade Wall |
| 26:08 | Build | Palisade Wall |
| 26:12 | Build | Palisade Wall |
| 26:15 | Build | Palisade Wall |
| 26:22 | Build | Palisade Gate |
| 26:26 | Build | Palisade Gate |
| 26:29 | Build | Palisade Gate |
| 26:32 | Build | Palisade Gate |
| 26:34 | Build | Palisade Gate |
| 26:36 | Build | Palisade Gate |
| 26:40 | Build | Palisade Gate |
| 26:47 | Build | Palisade Wall |
| 26:52 | Create | Villager (Male) |
| 26:53 | Create | Villager (Male) |
| 26:53 | Create | Villager (Male) |
| 27:03 | Create | Villager (Male) |
| 27:03 | Create | Villager (Male) |
| 27:03 | Create | Villager (Male) |
| 27:27 | Build | Archery Range |
| 27:29 | Build | Stable |
| 27:35 | Create | Militia |
| 27:36 | Create | Militia |
| 27:36 | Create | Militia |
| 27:36 | Create | Spearman |
| 27:37 | Create | Spearman |
| 27:37 | Create | Spearman |
| 27:37 | Create | Spearman |
| 27:37 | Create | Spearman |
| 27:38 | Create | Spearman |
| 27:59 | Create | Trade Cart |
| 27:59 | Create | Trade Cart |
| 28:00 | Create | Trade Cart |
| 28:00 | Create | Trade Cart |
| 28:00 | Create | Trade Cart |
| 28:01 | Create | Trade Cart |
| 28:01 | Create | Trade Cart |
| 28:01 | Create | Trade Cart |
| 28:01 | Create | Trade Cart |
| 28:13 | Build | House |
| 28:19 | Build | House |
| 28:21 | Build | House |
| 28:24 | Build | House |
| 28:25 | Build | House |
| 28:27 | Build | House |
| 28:29 | Build | House |
| 28:39 | Build | Mining Camp |
Build order — daivy2000volt
First 150 of 420 actions detected
| 0:11 | Build | Town Center |
| 1:19 | Create | Villager (Male) |
| 1:19 | Create | Villager (Male) |
| 1:19 | Create | Villager (Male) |
| 1:20 | Create | Villager (Male) |
| 1:20 | Create | Villager (Male) |
| 1:20 | Create | Villager (Male) |
| 2:13 | Create | Villager (Male) |
| 2:14 | Create | Villager (Male) |
| 2:14 | Create | Villager (Male) |
| 2:20 | Build | Lumber Camp |
| 2:52 | Create | Villager (Male) |
| 2:52 | Create | Villager (Male) |
| 2:52 | Create | Villager (Male) |
| 2:53 | Create | Villager (Male) |
| 3:26 | Create | Villager (Male) |
| 3:33 | Create | Villager (Male) |
| 3:33 | Create | Villager (Male) |
| 4:36 | Create | Villager (Male) |
| 4:36 | Create | Villager (Male) |
| 4:36 | Create | Villager (Male) |
| 5:18 | Create | Villager (Male) |
| 5:18 | Create | Villager (Male) |
| 5:18 | Create | Villager (Male) |
| 5:45 | Build | House |
| 5:48 | Build | House |
| 6:04 | Build | Barracks |
| 6:42 | Create | Villager (Male) |
| 7:07 | Build | Mill |
| 7:14 | Build | House |
| 7:15 | Build | House |
| 7:16 | Build | House |
| 7:17 | Build | House |
| 8:00 | Build | House |
| 8:02 | Build | House |
| 8:04 | Build | House |
| 8:16 | Create | Villager (Male) |
| 8:16 | Create | Villager (Male) |
| 8:20 | Research | Feudal Age |
| 9:12 | Build | House |
| 9:14 | Build | House |
| 9:15 | Build | House |
| 9:18 | Build | House |
| 9:19 | Build | House |
| 9:38 | Build | Palisade Gate |
| 9:54 | Create | Militia |
| 9:54 | Create | Militia |
| 10:05 | Create | Militia |
| 10:06 | Create | Militia |
| 10:26 | Build | Mining Camp |
| 10:30 | Age | Feudal Age |
| 10:31 | Create | Villager (Male) |
| 10:31 | Create | Villager (Male) |
| 10:31 | Create | Villager (Male) |
| 10:31 | Create | Villager (Male) |
| 10:32 | Create | Villager (Male) |
| 10:49 | Build | Blacksmith |
| 10:53 | Build | Stone Wall |
| 10:57 | Build | Market |
| 10:59 | Build | House |
| 11:01 | Build | House |
| 11:06 | Create | Militia |
| 11:54 | Research | Double-Bit Axe |
| 13:05 | Create | Villager (Male) |
| 13:06 | Create | Villager (Male) |
| 13:06 | Create | Villager (Male) |
| 13:06 | Create | Villager (Male) |
| 13:49 | Build | Archery Range |
| 13:50 | Build | Stable |
| 14:05 | Create | Villager (Male) |
| 14:05 | Create | Villager (Male) |
| 14:05 | Create | Villager (Male) |
| 14:06 | Create | Villager (Male) |
| 14:52 | Create | Villager (Male) |
| 14:53 | Create | Villager (Male) |
| 14:53 | Create | Villager (Male) |
| 15:34 | Build | Stone Wall |
| 15:36 | Build | Gate |
| 16:00 | Build | Archery Range |
| 16:02 | Build | House |
| 16:06 | Build | House |
| 16:11 | Build | Stone Wall |
| 16:31 | Build | Stone Wall |
| 16:41 | Create | Scout Cavalry |
| 16:41 | Create | Scout Cavalry |
| 16:41 | Create | Scout Cavalry |
| 16:41 | Create | Scout Cavalry |
| 16:44 | Create | Spearman |
| 16:44 | Create | Spearman |
| 16:44 | Create | Spearman |
| 16:49 | Create | Archer |
| 16:50 | Create | Archer |
| 16:50 | Create | Archer |
| 16:50 | Create | Archer |
| 16:50 | Create | Archer |
| 16:50 | Create | Archer |
| 16:51 | Create | Archer |
| 16:58 | Build | House |
| 16:59 | Build | House |
| 17:00 | Build | House |
| 17:01 | Build | House |
| 17:05 | Build | Stone Wall |
| 17:16 | Build | Stone Wall |
| 17:21 | Build | Farm |
| 17:22 | Build | Farm |
| 17:30 | Build | Farm |
| 17:32 | Build | Farm |
| 17:33 | Build | Farm |
| 17:34 | Build | Farm |
| 17:55 | Build | Farm |
| 18:05 | Build | Farm |
| 18:09 | Build | Farm |
| 18:21 | Build | Farm |
| 18:29 | Build | Farm |
| 18:34 | Build | Farm |
| 18:40 | Build | Farm |
| 19:08 | Research | Man-at-Arms (upgrade) |
| 19:18 | Create | Scout Cavalry |
| 19:18 | Create | Scout Cavalry |
| 21:30 | Research | Castle Age |
| 22:04 | Research | Scale Mail Armor |
| 22:05 | Research | Padded Archer Armor |
| 22:25 | Create | Militia |
| 22:25 | Create | Militia |
| 22:26 | Create | Militia |
| 22:26 | Create | Militia |
| 24:10 | Age | Castle Age |
| 24:13 | Create | Villager (Male) |
| 24:13 | Create | Villager (Male) |
| 24:13 | Create | Villager (Male) |
| 24:13 | Create | Villager (Male) |
| 24:13 | Create | Villager (Male) |
| 24:14 | Create | Villager (Male) |
| 24:14 | Create | Villager (Male) |
| 24:34 | Create | Villager (Male) |
| 24:34 | Create | Villager (Male) |
| 24:35 | Create | Villager (Male) |
| 24:45 | Build | Town Center |
| 24:48 | Create | Villager (Male) |
| 24:48 | Create | Villager (Male) |
| 25:40 | Create | Villager (Male) |
| 25:41 | Create | Villager (Male) |
| 25:41 | Create | Villager (Male) |
| 25:41 | Create | Villager (Male) |
| 26:10 | Create | Cavalry Archer |
| 26:41 | Build | Castle |
| 26:44 | Create | Villager (Male) |
| 26:44 | Create | Villager (Male) |
| 26:44 | Create | Villager (Male) |
| 26:44 | Create | Villager (Male) |
Build order — lituz
First 150 of 210 actions detected
| 0:10 | Build | Town Center |
| 1:25 | Create | Villager (Male) |
| 1:25 | Create | Villager (Male) |
| 1:25 | Create | Villager (Male) |
| 1:27 | Create | Villager (Male) |
| 2:08 | Create | Villager (Male) |
| 2:54 | Create | Villager (Male) |
| 3:31 | Build | Lumber Camp |
| 4:08 | Build | Mining Camp |
| 4:43 | Create | Villager (Male) |
| 4:43 | Create | Villager (Male) |
| 4:44 | Create | Villager (Male) |
| 6:05 | Create | Villager (Male) |
| 6:05 | Create | Villager (Male) |
| 6:05 | Create | Villager (Male) |
| 6:48 | Build | House |
| 6:50 | Build | House |
| 7:07 | Create | Villager (Male) |
| 7:10 | Create | Villager (Male) |
| 8:16 | Create | Villager (Male) |
| 8:16 | Create | Villager (Male) |
| 8:16 | Create | Villager (Male) |
| 9:48 | Build | Mill |
| 10:47 | Build | Barracks |
| 10:50 | Build | Barracks |
| 11:36 | Research | Feudal Age |
| 12:13 | Build | Farm |
| 12:14 | Build | Farm |
| 12:17 | Build | Farm |
| 13:46 | Age | Feudal Age |
| 13:55 | Build | Archery Range |
| 13:57 | Build | Archery Range |
| 14:03 | Research | Horse Collar |
| 14:25 | Research | Man-at-Arms (upgrade) |
| 14:28 | Create | Militia |
| 14:28 | Create | Militia |
| 14:28 | Create | Militia |
| 14:29 | Create | Militia |
| 14:58 | Build | Mining Camp |
| 15:21 | Build | Farm |
| 15:22 | Build | Farm |
| 15:29 | Build | Farm |
| 15:30 | Build | Farm |
| 16:07 | Build | Market |
| 16:29 | Build | Blacksmith |
| 16:39 | Build | Farm |
| 16:40 | Build | Farm |
| 16:43 | Build | Farm |
| 17:08 | Create | Villager (Male) |
| 17:09 | Create | Villager (Male) |
| 17:09 | Create | Villager (Male) |
| 17:09 | Create | Villager (Male) |
| 17:09 | Create | Villager (Male) |
| 17:32 | Create | Archer |
| 17:38 | Create | Villager (Male) |
| 17:38 | Create | Villager (Male) |
| 17:39 | Create | Villager (Male) |
| 17:47 | Research | Double-Bit Axe |
| 18:32 | Build | House |
| 18:34 | Build | House |
| 18:35 | Build | House |
| 18:37 | Build | House |
| 18:54 | Create | Archer |
| 18:54 | Create | Archer |
| 18:55 | Create | Archer |
| 19:30 | Create | Trade Cart |
| 19:47 | Create | Spearman |
| 19:47 | Create | Spearman |
| 19:47 | Create | Spearman |
| 19:48 | Create | Spearman |
| 22:01 | Build | Watch Tower |
| 22:01 | Build | Watch Tower |
| 22:18 | Create | Militia |
| 22:18 | Create | Militia |
| 22:18 | Create | Militia |
| 22:18 | Create | Militia |
| 22:24 | Create | Archer |
| 22:24 | Create | Archer |
| 22:24 | Create | Archer |
| 23:49 | Build | Mill |
| 25:07 | Create | Villager (Male) |
| 25:07 | Create | Villager (Male) |
| 25:07 | Create | Villager (Male) |
| 25:07 | Create | Villager (Male) |
| 25:57 | Create | Villager (Male) |
| 25:57 | Create | Villager (Male) |
| 26:26 | Build | Farm |
| 26:27 | Build | Farm |
| 26:33 | Build | Farm |
| 26:45 | Create | Archer |
| 26:46 | Create | Archer |
| 26:46 | Create | Archer |
| 26:46 | Create | Archer |
| 26:46 | Create | Archer |
| 26:47 | Create | Archer |
| 29:09 | Create | Militia |
| 29:09 | Create | Militia |
| 29:10 | Create | Militia |
| 29:10 | Create | Militia |
| 29:14 | Create | Militia |
| 29:15 | Create | Militia |
| 29:15 | Create | Militia |
| 29:38 | Create | Trade Cart |
| 29:38 | Create | Trade Cart |
| 30:07 | Create | Villager (Male) |
| 30:07 | Create | Villager (Male) |
| 30:08 | Create | Villager (Male) |
| 30:08 | Create | Villager (Male) |
| 30:08 | Create | Villager (Male) |
| 30:16 | Build | Lumber Camp |
| 30:53 | Research | Wheelbarrow |
| 31:04 | Create | Villager (Male) |
| 31:04 | Create | Villager (Male) |
| 31:05 | Create | Villager (Male) |
| 31:05 | Create | Villager (Male) |
| 31:32 | Create | Spearman |
| 31:33 | Create | Spearman |
| 31:33 | Create | Spearman |
| 32:14 | Build | House |
| 32:15 | Build | House |
| 32:20 | Build | House |
| 32:23 | Build | House |
| 34:44 | Build | Farm |
| 34:45 | Build | Farm |
| 34:48 | Build | Farm |
| 34:49 | Build | Farm |
| 34:51 | Build | Farm |
| 35:01 | Build | Mill |
| 35:48 | Build | Farm |
| 35:51 | Research | Castle Age |
| 36:09 | Build | Mining Camp |
| 36:23 | Research | Padded Archer Armor |
| 36:38 | Research | Loom |
| 37:05 | Create | Villager (Male) |
| 37:25 | Build | Farm |
| 37:31 | Build | Farm |
| 37:33 | Build | Farm |
| 38:07 | Create | Archer |
| 38:07 | Create | Archer |
| 38:08 | Create | Archer |
| 38:08 | Create | Archer |
| 38:08 | Create | Archer |
| 38:31 | Age | Castle Age |
| 38:55 | Research | Crossbowman (upgrade) |
| 38:57 | Research | Thumb Ring |
| 39:37 | Research | Gambesons |
| 39:41 | Research | Pikeman (upgrade) |
| 39:44 | Research | Squires |
| 39:46 | Research | Long Swordsman (upgrade) |
| 39:53 | Create | Archer |
Build order — dmilan8
First 150 of 278 actions detected
| 1:14 | Build | Town Center |
| 2:36 | Create | Villager (Male) |
| 3:39 | Create | Villager (Male) |
| 3:40 | Create | Villager (Male) |
| 4:16 | Create | Villager (Male) |
| 4:16 | Create | Villager (Male) |
| 4:16 | Create | Villager (Male) |
| 4:18 | Research | Loom |
| 5:05 | Create | Villager (Male) |
| 5:05 | Create | Villager (Male) |
| 5:05 | Create | Villager (Male) |
| 5:44 | Create | Villager (Male) |
| 5:45 | Create | Villager (Male) |
| 5:45 | Create | Villager (Male) |
| 6:04 | Create | Villager (Male) |
| 6:25 | Build | Mill |
| 6:35 | Build | Barracks |
| 7:31 | Create | Villager (Male) |
| 7:31 | Create | Villager (Male) |
| 7:32 | Create | Villager (Male) |
| 7:32 | Create | Villager (Male) |
| 9:34 | Research | Feudal Age |
| 11:44 | Build | Lumber Camp |
| 12:00 | Research | Wheelbarrow |
| 12:01 | Create | Villager (Male) |
| 12:44 | Build | Mill |
| 13:08 | Build | Mill |
| 13:15 | Create | Villager (Male) |
| 13:16 | Create | Villager (Male) |
| 13:16 | Create | Villager (Male) |
| 13:16 | Create | Villager (Male) |
| 13:17 | Create | Villager (Male) |
| 13:29 | Research | Double-Bit Axe |
| 14:02 | Create | Spearman |
| 14:03 | Create | Spearman |
| 14:03 | Create | Spearman |
| 14:03 | Create | Spearman |
| 14:31 | Build | Stable |
| 14:34 | Create | Villager (Male) |
| 15:12 | Build | House |
| 15:13 | Build | House |
| 15:15 | Build | House |
| 15:30 | Create | Spearman |
| 15:30 | Create | Spearman |
| 15:31 | Create | Spearman |
| 16:19 | Create | Scout Cavalry |
| 16:23 | Create | Spearman |
| 16:23 | Create | Spearman |
| 16:36 | Build | Watch Tower |
| 16:58 | Create | Scout Cavalry |
| 16:58 | Create | Scout Cavalry |
| 17:02 | Create | Spearman |
| 17:02 | Create | Spearman |
| 17:29 | Build | Mining Camp |
| 17:50 | Build | Stone Wall |
| 18:02 | Build | Stone Wall |
| 18:12 | Build | Stone Wall |
| 18:21 | Build | Stone Wall |
| 19:11 | Research | Horse Collar |
| 19:14 | Create | Villager (Male) |
| 19:14 | Create | Villager (Male) |
| 19:14 | Create | Villager (Male) |
| 19:23 | Build | Farm |
| 19:25 | Build | Farm |
| 19:27 | Build | Farm |
| 19:28 | Build | Farm |
| 19:29 | Build | Farm |
| 19:33 | Build | Farm |
| 19:34 | Build | Farm |
| 19:35 | Build | Farm |
| 19:37 | Build | Farm |
| 19:47 | Build | Stone Wall |
| 20:04 | Build | Stone Wall |
| 20:26 | Build | Stone Wall |
| 20:41 | Create | Villager (Male) |
| 20:42 | Create | Villager (Male) |
| 20:43 | Create | Villager (Male) |
| 20:57 | Build | Farm |
| 20:59 | Build | Farm |
| 21:06 | Build | Stone Wall |
| 21:19 | Build | Palisade Wall |
| 21:43 | Create | Villager (Male) |
| 21:43 | Create | Villager (Male) |
| 21:43 | Create | Villager (Male) |
| 21:50 | Build | Farm |
| 21:55 | Build | Farm |
| 22:18 | Build | Palisade Wall |
| 22:32 | Build | Farm |
| 23:29 | Build | Mill |
| 25:25 | Build | Blacksmith |
| 25:38 | Build | Palisade Wall |
| 26:22 | Research | Castle Age |
| 26:29 | Build | Palisade Wall |
| 27:36 | Research | Stone Mining |
| 27:54 | Build | Stone Wall |
| 29:18 | Build | Stone Wall |
| 29:33 | Build | Town Center |
| 29:45 | Create | Villager (Male) |
| 29:45 | Create | Villager (Male) |
| 29:45 | Create | Villager (Male) |
| 29:46 | Create | Villager (Male) |
| 30:43 | Build | Stone Wall |
| 30:50 | Build | Stone Wall |
| 30:57 | Create | Villager (Male) |
| 30:57 | Create | Villager (Male) |
| 30:57 | Create | Villager (Male) |
| 30:57 | Create | Villager (Male) |
| 31:05 | Create | Villager (Male) |
| 31:05 | Create | Villager (Male) |
| 31:06 | Create | Villager (Male) |
| 31:21 | Research | Heavy Plow |
| 31:30 | Create | Villager (Male) |
| 31:31 | Create | Villager (Male) |
| 31:31 | Create | Villager (Male) |
| 31:31 | Create | Villager (Male) |
| 32:42 | Create | Villager (Male) |
| 32:43 | Create | Villager (Male) |
| 32:43 | Create | Villager (Male) |
| 32:43 | Create | Villager (Male) |
| 33:25 | Research | Bloodlines |
| 33:26 | Create | Knight |
| 33:27 | Create | Knight |
| 33:50 | Create | Villager (Male) |
| 33:51 | Create | Villager (Male) |
| 33:51 | Create | Villager (Male) |
| 34:06 | Build | Farm |
| 34:08 | Build | Farm |
| 34:10 | Build | Farm |
| 34:11 | Build | Farm |
| 34:13 | Build | Farm |
| 34:20 | Create | Villager (Male) |
| 34:20 | Create | Villager (Male) |
| 34:20 | Create | Villager (Male) |
| 34:20 | Create | Villager (Male) |
| 34:50 | Build | Farm |
| 34:57 | Create | Knight |
| 34:58 | Create | Knight |
| 34:58 | Create | Knight |
| 35:09 | Create | Knight |
| 35:14 | Create | Knight |
| 35:20 | Create | Villager (Male) |
| 35:20 | Create | Villager (Male) |
| 36:23 | Build | Palisade Gate |
| 36:29 | Create | Knight |
| 36:29 | Create | Knight |
| 36:32 | Research | Hand Cart |
| 36:33 | Create | Villager (Male) |
| 36:34 | Create | Villager (Male) |
| 36:44 | Build | Farm |
| 36:59 | Build | Stone Wall |
Build order — victoruizgar
First 150 of 262 actions detected
| 0:13 | Build | Town Center |
| 1:25 | Create | Villager (Male) |
| 1:25 | Create | Villager (Male) |
| 1:27 | Create | Villager (Male) |
| 2:10 | Create | Villager (Male) |
| 2:54 | Create | Villager (Male) |
| 2:55 | Create | Villager (Male) |
| 2:55 | Create | Villager (Male) |
| 3:03 | Build | Mill |
| 3:22 | Create | Villager (Male) |
| 3:44 | Build | Lumber Camp |
| 3:52 | Create | Villager (Male) |
| 4:09 | Create | Villager (Male) |
| 4:35 | Create | Villager (Male) |
| 5:54 | Create | Villager (Male) |
| 6:09 | Build | House |
| 6:15 | Create | Villager (Male) |
| 6:15 | Create | Villager (Male) |
| 6:57 | Create | Villager (Male) |
| 7:38 | Research | Feudal Age |
| 7:59 | Build | Barracks |
| 8:17 | Create | Villager (Male) |
| 8:17 | Create | Villager (Male) |
| 8:50 | Build | Farm |
| 9:50 | Age | Feudal Age |
| 10:25 | Build | Stable |
| 10:29 | Create | Villager (Male) |
| 10:30 | Create | Villager (Male) |
| 10:30 | Create | Villager (Male) |
| 10:30 | Create | Villager (Male) |
| 11:15 | Build | House |
| 11:27 | Build | Lumber Camp |
| 11:55 | Research | Double-Bit Axe |
| 12:01 | Create | Scout Cavalry |
| 12:02 | Create | Scout Cavalry |
| 12:02 | Create | Scout Cavalry |
| 12:02 | Create | Scout Cavalry |
| 12:02 | Create | Scout Cavalry |
| 12:02 | Create | Scout Cavalry |
| 12:03 | Create | Scout Cavalry |
| 12:03 | Create | Scout Cavalry |
| 12:09 | Create | Villager (Male) |
| 12:44 | Build | Farm |
| 12:45 | Build | Farm |
| 12:52 | Build | Farm |
| 12:57 | Build | Farm |
| 13:09 | Build | Farm |
| 13:29 | Build | House |
| 13:54 | Build | House |
| 13:58 | Create | Villager (Male) |
| 13:58 | Create | Villager (Male) |
| 14:00 | Create | Villager (Male) |
| 14:46 | Build | Mining Camp |
| 15:46 | Create | Villager (Male) |
| 15:47 | Create | Villager (Male) |
| 15:47 | Create | Villager (Male) |
| 15:47 | Create | Villager (Male) |
| 15:52 | Build | Blacksmith |
| 16:55 | Build | House |
| 16:55 | Build | House |
| 16:56 | Build | House |
| 16:56 | Build | House |
| 16:56 | Build | House |
| 17:03 | Create | Villager (Male) |
| 17:56 | Research | Scale Barding Armor |
| 17:59 | Research | Forging |
| 18:26 | Build | Farm |
| 18:31 | Build | Farm |
| 18:35 | Build | Farm |
| 18:43 | Build | Mill |
| 20:39 | Create | Scout Cavalry |
| 20:39 | Create | Scout Cavalry |
| 20:40 | Create | Scout Cavalry |
| 20:40 | Create | Scout Cavalry |
| 21:05 | Create | Villager (Male) |
| 21:06 | Create | Villager (Male) |
| 21:06 | Create | Villager (Male) |
| 21:06 | Create | Villager (Male) |
| 21:15 | Build | Farm |
| 21:50 | Create | Villager (Male) |
| 21:51 | Create | Villager (Male) |
| 21:54 | Create | Villager (Male) |
| 21:59 | Build | Farm |
| 22:32 | Research | Wheelbarrow |
| 23:15 | Create | Scout Cavalry |
| 23:15 | Create | Scout Cavalry |
| 23:41 | Create | Militia |
| 24:37 | Build | Farm |
| 24:38 | Build | Farm |
| 24:52 | Build | Market |
| 25:11 | Build | Farm |
| 25:46 | Create | Scout Cavalry |
| 25:46 | Create | Scout Cavalry |
| 25:46 | Create | Scout Cavalry |
| 25:50 | Research | Loom |
| 26:12 | Create | Trade Cart |
| 26:13 | Create | Trade Cart |
| 26:21 | Build | Mining Camp |
| 26:25 | Research | Castle Age |
| 26:47 | Create | Villager (Male) |
| 26:47 | Create | Villager (Male) |
| 28:00 | Create | Trade Cart |
| 28:09 | Build | House |
| 28:10 | Build | House |
| 28:11 | Build | House |
| 28:11 | Build | House |
| 29:05 | Age | Castle Age |
| 29:12 | Research | Light Cavalry (upgrade) |
| 29:13 | Research | Husbandry |
| 29:28 | Create | Knight |
| 29:28 | Create | Knight |
| 29:28 | Create | Knight |
| 29:35 | Build | Mining Camp |
| 29:42 | Build | Farm |
| 29:45 | Create | Villager (Male) |
| 29:46 | Create | Villager (Male) |
| 29:52 | Create | Knight |
| 29:53 | Create | Knight |
| 30:38 | Create | Villager (Male) |
| 30:38 | Create | Villager (Male) |
| 30:43 | Build | Farm |
| 30:48 | Build | Farm |
| 30:52 | Research | Bow Saw |
| 31:29 | Build | Stable |
| 31:30 | Build | Stable |
| 32:05 | Research | Hand Cart |
| 32:24 | Create | Knight |
| 32:25 | Create | Knight |
| 32:25 | Create | Knight |
| 32:25 | Create | Knight |
| 32:25 | Create | Knight |
| 32:26 | Create | Knight |
| 32:36 | Build | Farm |
| 32:40 | Build | Farm |
| 32:45 | Build | Farm |
| 33:04 | Build | Stable |
| 33:09 | Build | Mill |
| 33:26 | Create | Knight |
| 33:27 | Create | Knight |
| 33:27 | Create | Knight |
| 33:27 | Create | Knight |
| 33:27 | Create | Knight |
| 34:10 | Create | Knight |
| 34:10 | Create | Knight |
| 34:10 | Create | Knight |
| 34:10 | Create | Knight |
| 34:43 | Create | Villager (Male) |
| 34:43 | Create | Villager (Male) |
| 34:43 | Create | Villager (Male) |
| 34:43 | Create | Villager (Male) |
Build order — Sirmordor15
First 150 of 431 actions detected
| 0:06 | Build | Town Center |
| 1:13 | Create | Villager (Male) |
| 1:14 | Create | Villager (Male) |
| 1:14 | Create | Villager (Male) |
| 1:14 | Create | Villager (Male) |
| 1:14 | Create | Villager (Male) |
| 2:01 | Create | Villager (Male) |
| 2:02 | Create | Villager (Male) |
| 2:47 | Research | Loom |
| 3:05 | Create | Villager (Male) |
| 3:05 | Create | Villager (Male) |
| 3:23 | Build | Lumber Camp |
| 3:43 | Create | Villager (Male) |
| 3:43 | Create | Villager (Male) |
| 4:18 | Create | Villager (Male) |
| 5:08 | Create | Villager (Male) |
| 5:08 | Create | Villager (Male) |
| 5:08 | Create | Villager (Male) |
| 5:09 | Create | Villager (Male) |
| 6:21 | Build | House |
| 6:23 | Build | House |
| 6:48 | Create | Villager (Male) |
| 7:16 | Create | Villager (Male) |
| 7:16 | Create | Villager (Male) |
| 7:17 | Create | Villager (Male) |
| 7:31 | Build | House |
| 7:55 | Create | Villager (Male) |
| 7:55 | Create | Villager (Male) |
| 7:55 | Create | Villager (Male) |
| 8:30 | Build | Mill |
| 8:45 | Build | Barracks |
| 9:31 | Create | Villager (Male) |
| 10:10 | Build | House |
| 10:13 | Build | House |
| 10:19 | Research | Feudal Age |
| 10:51 | Create | Villager (Male) |
| 10:51 | Create | Villager (Male) |
| 11:15 | Build | House |
| 11:25 | Create | Villager (Male) |
| 12:18 | Build | Farm |
| 12:23 | Age | Feudal Age |
| 12:32 | Build | Mining Camp |
| 12:41 | Build | Farm |
| 12:54 | Build | Stable |
| 13:02 | Build | Blacksmith |
| 13:20 | Build | Palisade Wall |
| 13:23 | Create | Villager (Male) |
| 13:23 | Create | Villager (Male) |
| 13:34 | Build | Lumber Camp |
| 13:43 | Create | Villager (Male) |
| 14:10 | Build | House |
| 14:21 | Build | Palisade Wall |
| 14:24 | Create | Scout Cavalry |
| 14:43 | Build | Palisade Gate |
| 14:47 | Create | Villager (Male) |
| 14:47 | Create | Villager (Male) |
| 14:47 | Create | Villager (Male) |
| 14:48 | Create | Villager (Male) |
| 15:00 | Build | Mill |
| 15:17 | Build | House |
| 15:20 | Build | House |
| 15:30 | Build | Palisade Wall |
| 15:40 | Build | Farm |
| 15:41 | Build | Farm |
| 16:00 | Create | Villager (Male) |
| 16:00 | Create | Villager (Male) |
| 16:35 | Build | Farm |
| 16:36 | Build | Farm |
| 16:37 | Build | Farm |
| 16:37 | Build | Farm |
| 16:39 | Build | Farm |
| 16:40 | Build | Farm |
| 16:43 | Build | Farm |
| 17:01 | Build | Mining Camp |
| 17:08 | Create | Spearman |
| 17:23 | Create | Villager (Male) |
| 17:24 | Create | Villager (Male) |
| 17:37 | Build | House |
| 17:40 | Build | House |
| 17:43 | Build | House |
| 17:50 | Build | Palisade Wall |
| 17:54 | Build | Palisade Wall |
| 17:57 | Create | Villager (Male) |
| 17:58 | Create | Villager (Male) |
| 18:34 | Build | Archery Range |
| 18:37 | Create | Villager (Male) |
| 19:05 | Create | Spearman |
| 19:05 | Create | Spearman |
| 19:26 | Create | Villager (Male) |
| 19:26 | Create | Villager (Male) |
| 19:26 | Create | Villager (Male) |
| 19:46 | Create | Archer |
| 19:46 | Create | Archer |
| 19:46 | Create | Archer |
| 19:52 | Create | Spearman |
| 19:52 | Create | Spearman |
| 19:53 | Create | Spearman |
| 19:53 | Create | Spearman |
| 19:53 | Create | Spearman |
| 20:30 | Create | Archer |
| 20:33 | Create | Spearman |
| 20:33 | Create | Spearman |
| 21:42 | Build | House |
| 22:05 | Research | Horse Collar |
| 22:35 | Build | House |
| 22:39 | Build | House |
| 23:03 | Build | House |
| 23:33 | Research | Castle Age |
| 23:37 | Research | Double-Bit Axe |
| 23:48 | Build | Lumber Camp |
| 24:13 | Create | Spearman |
| 24:13 | Create | Spearman |
| 24:14 | Create | Spearman |
| 24:24 | Build | House |
| 24:25 | Build | House |
| 24:33 | Build | Palisade Wall |
| 24:38 | Build | Farm |
| 24:47 | Build | Farm |
| 24:48 | Build | Farm |
| 24:49 | Build | Farm |
| 24:49 | Build | Farm |
| 24:49 | Build | Farm |
| 24:50 | Build | Farm |
| 24:50 | Build | Farm |
| 24:50 | Build | Farm |
| 24:50 | Build | Farm |
| 24:53 | Build | Farm |
| 24:53 | Build | Farm |
| 24:53 | Build | Farm |
| 24:53 | Build | Farm |
| 24:54 | Build | Farm |
| 24:54 | Build | Farm |
| 24:54 | Build | Farm |
| 24:54 | Build | Farm |
| 24:55 | Build | Farm |
| 25:06 | Create | Villager (Male) |
| 25:06 | Create | Villager (Male) |
| 25:07 | Create | Villager (Male) |
| 25:58 | Age | Castle Age |
| 26:24 | Build | Stable |
| 26:25 | Build | Stable |
| 26:30 | Build | Farm |
| 26:35 | Research | Wheelbarrow |
| 26:36 | Create | Villager (Male) |
| 26:36 | Create | Villager (Male) |
| 26:38 | Research | Bow Saw |
| 27:09 | Research | Squires |
| 27:18 | Create | Scout Cavalry |
| 27:37 | Research | Town Watch |
| 27:38 | Create | Villager (Male) |
Match timeline
| 6:04 | daivy2000volt · first_building Barracks |
| 6:35 | dmilan8 · first_building Barracks |
| 7:59 | victoruizgar · first_building Barracks |
| 8:02 | aagonbla · first_building Barracks |
| 8:45 | Sirmordor15 · first_building Barracks |
| 9:50 | victoruizgar · age_up feudal |
| 10:25 | victoruizgar · first_building Stable |
| 10:30 | daivy2000volt · age_up feudal |
| 10:47 | lituz · first_building Barracks |
| 10:53 | daivy2000volt · wall_segment Stone Wall x1 |
| 11:26 | aagonbla · age_up feudal |
| 12:23 | Sirmordor15 · age_up feudal |
| 12:54 | Sirmordor15 · first_building Stable |
| 13:20 | Sirmordor15 · wall_segment Palisade Wall x5 |
| 13:46 | lituz · age_up feudal |
| 13:49 | daivy2000volt · first_building Archery Range |
| 13:50 | daivy2000volt · first_building Stable |
| 13:55 | lituz · first_building Archery Range |
| 14:21 | Sirmordor15 · wall_segment Palisade Wall x1 |
| 14:31 | dmilan8 · first_building Stable |
| 15:30 | Sirmordor15 · wall_segment Palisade Wall x9 |
| 15:34 | daivy2000volt · wall_segment Stone Wall x11 |
| 16:11 | daivy2000volt · wall_segment Stone Wall x1 |
| 16:25 | Sirmordor15 · tribute_sent a jugador 1 |
| 16:25 | Sirmordor15 · tribute_sent a jugador 2 |
| 16:25 | Sirmordor15 · tribute_sent a jugador 3 |
| 16:25 | Sirmordor15 · tribute_sent a jugador 4 |
| 16:25 | Sirmordor15 · tribute_sent a jugador 6 |
| 16:31 | daivy2000volt · wall_segment Stone Wall x4 |
| 17:05 | daivy2000volt · wall_segment Stone Wall x1 |
| 17:16 | daivy2000volt · wall_segment Stone Wall x2 |
| 17:50 | Sirmordor15 · wall_segment Palisade Wall x6 |
| 17:50 | dmilan8 · wall_segment Stone Wall x6 |
| 17:52 | daivy2000volt · first_market_buy 100 wood |
| 17:54 | Sirmordor15 · wall_segment Palisade Wall x6 |
| 18:02 | dmilan8 · wall_segment Stone Wall x6 |
| 18:12 | dmilan8 · wall_segment Stone Wall x6 |
| 18:21 | dmilan8 · wall_segment Stone Wall x7 |
| 18:34 | Sirmordor15 · first_building Archery Range |
| 19:47 | dmilan8 · wall_segment Stone Wall x1 |
| 20:04 | dmilan8 · wall_segment Stone Wall x7 |
| 20:26 | dmilan8 · wall_segment Stone Wall x6 |
| 21:06 | dmilan8 · wall_segment Stone Wall x5 |
| 21:19 | dmilan8 · wall_segment Palisade Wall x4 |
| 21:21 | daivy2000volt · first_market_sell 100 wood |
| 22:18 | dmilan8 · wall_segment Palisade Wall x6 |
| 24:10 | daivy2000volt · age_up castle |
| 24:33 | Sirmordor15 · wall_segment Palisade Wall x8 |
| 25:38 | dmilan8 · wall_segment Palisade Wall x5 |
| 25:51 | aagonbla · wall_segment Palisade Wall x17 |
| 25:58 | Sirmordor15 · age_up castle |
| 25:59 | aagonbla · wall_segment Palisade Wall x32 |
| 26:04 | aagonbla · wall_segment Palisade Wall x22 |
| 26:08 | aagonbla · wall_segment Palisade Wall x9 |
| 26:12 | aagonbla · wall_segment Palisade Wall x18 |
| 26:15 | aagonbla · wall_segment Palisade Wall x4 |
| 26:29 | dmilan8 · wall_segment Palisade Wall x9 |
| 26:41 | daivy2000volt · first_building Castle |
| 26:47 | aagonbla · wall_segment Palisade Wall x5 |
| 27:25 | daivy2000volt · wall_segment Stone Wall x13 |
| 27:27 | aagonbla · first_building Archery Range |
| 27:29 | aagonbla · first_building Stable |
| 27:30 | daivy2000volt · wall_segment Stone Wall x7 |
| 27:54 | dmilan8 · wall_segment Stone Wall x11 |
| 28:27 | daivy2000volt · wall_segment Stone Wall x1 |
| 29:05 | victoruizgar · age_up castle |
| 29:18 | dmilan8 · wall_segment Stone Wall x19 |
| 29:49 | daivy2000volt · wall_segment Stone Wall x19 |
| 30:43 | dmilan8 · wall_segment Stone Wall x5 |
| 30:44 | Sirmordor15 · first_market_sell 100 food |
| 30:45 | Sirmordor15 · first_market_buy 100 wood |
| 30:49 | daivy2000volt · wall_segment Stone Wall x21 |
| 30:50 | Sirmordor15 · first_building Monastery |
| 30:50 | dmilan8 · wall_segment Stone Wall x11 |
| 30:55 | daivy2000volt · wall_segment Stone Wall x1 |
| 33:39 | Sirmordor15 · first_building Castle |
| 33:39 | daivy2000volt · first_building Siege Workshop |
| 34:27 | daivy2000volt · wall_segment Stone Wall x7 |
| 35:11 | daivy2000volt · wall_segment Stone Wall x7 |
| 35:58 | victoruizgar · wall_segment Stone Wall x17 |
| 36:17 | victoruizgar · wall_segment Stone Wall x21 |
| 36:59 | dmilan8 · wall_segment Stone Wall x14 |
| 37:04 | victoruizgar · first_building Castle |
| 37:28 | aagonbla · age_up castle |
| 38:18 | victoruizgar · wall_segment Stone Wall x13 |
| 38:31 | lituz · age_up castle |
| 39:01 | dmilan8 · wall_segment Stone Wall x13 |
| 40:54 | victoruizgar · wall_segment Stone Wall x5 |
| 41:17 | lituz · first_building Stable |
| 41:37 | victoruizgar · wall_segment Stone Wall x24 |
| 41:46 | victoruizgar · wall_segment Stone Wall x11 |
| 42:03 | Sirmordor15 · age_up imperial |
| 42:12 | victoruizgar · wall_segment Stone Wall x10 |
| 43:04 | Sirmordor15 · first_building Siege Workshop |
| 43:42 | dmilan8 · wall_segment Stone Wall x6 |
| 44:01 | dmilan8 · first_building Castle |
| 44:31 | dmilan8 · wall_segment Stone Wall x7 |
| 46:39 | daivy2000volt · age_up imperial |
| 47:08 | dmilan8 · first_building Siege Workshop |
| 47:15 | lituz · first_market_sell 100 food |
| 49:41 | victoruizgar · age_up imperial |
| 51:25 | victoruizgar · resign |
[ AI ANALYSIS · 1 CREDIT ]
What really happened in this match?
Wolo.gg analyzes every decision: build order, eco, micro, common mistakes by bracket. Personalized analysis on WhatsApp or Discord in 30 seconds.
Civ guide
Celts
Map guide
Steppe
Perfil
aagonbla